 Dungeon Crawl Stone Soup version 0.27.1-1-g398f81649c (webtiles) character file.

Game seed: 11321786722101396410

11 nxtlvl the Skirmisher (level 2, -5/26 HPs)
             Began as a Minotaur Abyssal Knight on Sept 14, 2021.
             Was a Follower of Lugonu.
             Slain by Sigmund (7 damage)
             ... on level 2 of the Dungeon.
             The game lasted 00:02:12 (251 turns).

nxtlvl the Skirmisher (Minotaur Abyssal Knight)      Turns: 251, Time: 00:02:13

Health: -5/26      AC:  3    Str: 16    XL:     2   Next: 17%
Magic:  2/2        EV: 11    Int:  9    God:    Lugonu [*.....]
Gold:   27         SH:  0    Dex:  9    Spells: 1/1 levels left

rFire    . . .     SeeInvis .   a - +1 spear
rCold    . . .     Faith    .   (no shield)
rNeg     . . .     Spirit   .   b - +0 leather armour
rPois    .         Reflect  .   (helmet restricted)
rElec    .         Harm     .   (no cloak)
rCorr    .         Rampage  .   (no gloves)
Will     .....                  (no boots)
Stlth    ..........             (no amulet)
HPRegen  0.08/turn              (no ring)
MPRegen  0.08/turn              (no ring)

@: confused
A: horns 2, retaliatory headbutt
a: Renounce Religion, Depart the Abyss


You were on level 2 of the Dungeon.
You worshipped Lugonu.
Lugonu was aware of your devotion.
You visited 1 branch of the dungeon, and saw 2 of its levels.
You visited the Abyss 1 time.

You collected 27 gold pieces.

Inventory:

Hand Weapons
 a - a +1 spear (weapon)
Armour
 b - a +0 leather armour (worn)
Jewellery
 d - a ring of ice
Scrolls
 c - a scroll of fear {unknown}
 e - 2 scrolls of teleportation {unknown}
 g - a scroll of identify {unknown}
 h - a scroll of summoning {unknown}


   Skills:
 - Level 3.6 Fighting
 + Level 3.5 Polearms
 - Level 2.4 Armour
 - Level 1.1 Dodging
 - Level 1.7 Invocations


You had one spell level left.
You didn't know any spells.
Your spell library was empty.

Dungeon Overview and Level Annotations

Branches:
Dungeon (2/15)

Altars:

Annotations:
D:2 Jessica, Sigmund


Innate Abilities, Weirdness & Mutations

You have a pair of horns on your head.
You reflexively headbutt those who attack you in melee.


Message History

Unknown command.
A hobgoblin comes into view.
It was a potion of ambrosia.
You are more confused.
You feel invigorated.
The hobgoblin shouts!
Sigmund casts a spell at you. The puff of flame hits you.
The jackal barely misses you. The jackal closely misses you.
You're too confused to move!
The jackal bites you but does no damage.
The jackal barely misses you. Sigmund gestures at you while chanting.
The magic dart hits you! The jackal bites you. x2
A bat and an adder come into view.
You feel less invigorated.
The adder hisses angrily.
Sigmund points at you and mumbles some strange words.
You are more confused.
The jackal closely misses you. x2
The jackal misses you. The bat misses you.
You're too confused to move!
The bat hits you but does no damage. The jackal closely misses you.
The bat closely misses you. The jackal closely misses you.
The jackal bites you.
Sigmund hits you from afar with a +0 scythe!
The jackal barely misses you.
Jessica the Apprentice Sorceress comes into view.
She is wielding a +0 dagger.
The bat hits you but does no damage. The hobgoblin completely misses you.
The adder misses you. The jackal barely misses you.
Sigmund hits you with a +0 scythe.
* * * LOW HITPOINT WARNING * * *
Jessica shouts, "You're disturbing me!
I'll have to kill you!"
Found 23 arrows.
The bat hits you but does no damage. The adder closely misses you.
The jackal closely misses you. The bat hits you.
* * * LOW HITPOINT WARNING * * *
The adder bites you.
* * * LOW HITPOINT WARNING * * *
Sigmund hits you from afar with a +0 scythe!
You die...

..........
#####.#........
.....#@.......
..##.#......#
#.##.>......##
#.#..........# #
#.#.@...b....# # .##
####..h.h.......# #.#...
#.....SgS@.......
:...#.####.#.#.h........
........................
...#.#.####.#........(.
#.$......#..........
..#####.##.............
..h..h..S..............
.h###........#.........
#......#....


You could see Sigmund, an adder, Jessica, 3 jackals, a hobgoblin, a bat and a
ball python.

Vanquished Creatures
  2 endoplasms (D:1)
  A goblin (D:1)
  3 hobgoblins
  A jackal (D:2)
  A bat (D:1)
  2 rats (D:1)
10 creatures vanquished.

Notes
Turn   | Place    | Note
-------+----------+-------------------------------------------
     0 | Abyss:1  | nxtlvl the Minotaur Abyssal Knight began the quest for the
                  | Orb.
     0 | Abyss:1  | Reached XP level 1. HP: 19/19 MP: 1/1
    45 | D:1      | Escaped the Abyss
   208 | D:1      | Reached XP level 2. HP: 26/26 MP: 2/2
   241 | D:2      | Noticed Sigmund
   249 | D:2      | Noticed Jessica
   251 | D:2      | Slain by Sigmund

Illustrated notes

Levels and vault maps discovered:
D:1:      dpeg_arrival_boxorama, layout_loops_corners,
          ebering_ecumenical_altar_box
D:2:      layout_rooms, uniq_jessica, uniq_sigmund

Skill      XL: |  1 |
---------------+----+-----
Polearms       | 3 |  3.5
Fighting       | |  3.6
Armour         | |  2.4
Dodging        | |  1.1
Invocations    | |  1.7

Action                   || total
-------------------------++-------
Melee: Spear             ||    30
       Headbutt          ||     4
  Use: Potion            ||     1
Armor: Leather armour    ||     9
Dodge: Dodged            ||    30
